[Event "12ème open de Salon"]
[Site "Salon de Provence, France"]
[Date "2022.07.09"]
[Round "1.1"]
[White "Chaumet, Etienne"]
[Black "Delorme, Laurie"]
[Result "1-0"]
[TimeControl "1 h 30 min + 30 s"]
[WhiteElo "1809"]
[BlackElo "2083"]

1. e4 e5 2. Nf3 Nc6 3. Bb5 a6 4. Ba4 Nf6 5. O-O Be7 6. Re1 b5 7. Bb3 O-O 8. c3 d6 9. h3 Na5 10.
Bc2 c5 11. d4 Qc7 12. Nbd2 cxd4 13. cxd4 Nc6 14. d5 Nb4 15. Bb1 a5 16. a3 Na6 17. b3 Bd7 18. Bb2 Nc5 19. Bc2 Rfc8 20.
Rc1 Qd8 21. Nf1 g6 22. Ng3 Bf8 23. Qd2 Bg7 24. Qe3 Qf8 25. Qe2 Bh6 26. Rb1 Bf4 27. Bc1 Qh6 28. Bxf4 Qxf4 29. Rec1 h5 30.
Nd2 h4 31. Ngf1 Nh5 32. Ne3 Qf6 33. Ng4 Qg5 34. Nf3 Bxg4 35. hxg4 Qxg4 36. Nd4 Qxe2 37. Nxe2 Nf6 38. f3 b4 39.
a4 Kf8 40. Kf2 Ke7 41. Ke3 g5 42. Kd2 Kd8 43. Rh1 Nh5 44.
g3 Nxg3 45. Nxg3 hxg3 46. Rbg1 Ke7 47.
Rxg3 Rg8 48. Rh5 Kf6 49. Rh6+ Rg6 50. Rh7 Rc8 51. Rgh3 Rgg8 52. R3h6+ Ke7 53. Rh3 Nd7 54. Bd3 Rc3 55.
Bb5 Nc5 56. Bc4 Nxb3+ 57. Bxb3 Rxb3 58. Ke2 Ra3 59. R3h6 Ra2+ 60. Kd1 Rf8 61. Re6+ Kd7 62. Rf6 Rxa4 63. Rhh6 b3 64. Rxd6+ Ke7 65. Rb6 Rd8 66. Rb7+ Rd7 67.
d6+ 1-0

[Event "12ème open de Salon"]
[Site "Salon de Provence, France"]
[Date "2022.07.09"]
[Round "1.2"]
[White "Figier, Anthony"]
[Black "Canonge, Jerome"]
[Result "1-0"]
[TimeControl "1 h 30 min + 30 s"]
[WhiteElo "1977"]
[BlackElo "1796"]

1. d4 Nf6 2. Nf3 d5 3. c4 Bg4 4. Ne5 Bf5 5. Nc3 c6 6. e3 e6 7. g4 Bg6 8. h4 h5 9. Nxg6 fxg6 10. g5 Ng8 11. Bh3 Qe7 12. Qb3 Na6 13. Bxe6 Nb4 14. cxd5 cxd5 15.
Nxd5 1-0

[Event "12ème open de Salon"]
[Site "Salon de Provence, France"]
[Date "2022.07.09"]
[Round "1.3"]
[White "Marcellier, Lucie"]
[Black "Kolb, Sebastien"]
[Result "1/2-1/2"]
[TimeControl "1 h 30 min + 30 s"]
[WhiteElo "1734"]
[BlackElo "1947"]

1. d4 Nf6 2. Bf4 g6 3. Nc3 d5 4. e3 Bg7 5. h4 Ne4 6. Nxe4 dxe4 7. h5 Nc6 8. Bb5 Bd7 9. Nh3 a6 10.
Bc4 Na5 11. Be2 Bb5 12. Ng5 Qd5 13. b3 Bxe2 14. Qxe2 h6 15. c4 Qc6 16. Nh3 g5 17. Bg3 Qb6 18. O-O O-O 19. Rad1 Nc6 20.
f4 exf3 21. Qxf3 e5 22. c5 Qb5 23. d5 Ne7 24. d6 cxd6 25. cxd6 Nc6 26. Qf5 Qb6 27. Bf2 e4 28. Nxg5 hxg5 29.
Qxg5 Qd8 30. Qg4 f5 31. Qh3 Qg5 32. Bh4 Qxh5 33. Rd5 Qg4 34. Qxg4 fxg4 35. Rxf8+ Kxf8 36. d7 Kf7 37. d8=Q Nxd8 38.
Rxd8 Rxd8 39. Bxd8 Ke6 1/2-1/2

[Event "12ème open de Salon"]
[Site "Salon de Provence, France"]
[Date "2022.07.09"]
[Round "1.4"]
[White "Lauret, Patrick"]
[Black "Roganova, Maxime"]
[Result "0-1"]
[TimeControl "1 h 30 min + 30 s"]
[WhiteElo "1670"]
[BlackElo "1471"]

1. e4 c5 2. Nc3 d6 3. h3 Nf6 4. Nf3 e6 5. Bb5+ Nbd7 6. e5 dxe5 7. Nxe5 Be7 8. d4 O-O 9. O-O a6 10.
Nxd7 Bxd7 11. Be2 b5 12. dxc5 b4 13. Nb1 Bxc5 14. Bf3 Rb8 15. Bf4 Bb5 16. Bxb8 Bxf1 17. Qxf1 Qxb8 18. Qxa6 Qe5 19.
c3 Qe1+ 20. Kh2 Bxf2 21. h4 Qg1+ 0-1

[Event "12ème open de Salon"]
[Site "Salon de Provence, France"]
[Date "2022.07.09"]
[Round "1.5"]
[White "Espanet, Fabien"]
[Black "Piquemal, Maxence"]
[Result "1/2-1/2"]
[TimeControl "1 h 30 min + 30 s"]
[WhiteElo "1436"]
[BlackElo "1668"]

1. e4 d5 2. exd5 Qxd5 3. Nc3 Qa5 4. d4 Nf6 5. Bd2 c6 6. Nf3 Bg4 7. Bc4 e6 8. Ne4 Qd8 9. Bg5 Be7 10.
Ng3 Bxf3 11. gxf3 Nd5 12. Bd2 Nd7 13. Bxd5 cxd5 14. Qe2 Qb6 15. O-O-O Nf6 16. Rhg1 Rc8 17. Bf4 Rc6 18. Nf1 Qa5 19.
a3 Bxa3 20. Rd3 Bb4 21. c3 Nh5 22. Be5 f6 23. f4 g6 24. f5 fxe5 25. Qxe5 Rf8 26. fxg6 Qa1+ 27. Kc2 Rxf2+ 28. Nd2 Qa4+ 29.
Kb1 hxg6 30. Qb8+ Kd7 31. Qxb7+ Rc7 32. Qxb4 Qxb4 33. cxb4 Nf4 34. Rf3 Rxd2 35. Rxf4 Rcc2 36. Rf7+ Kd6 37.
Rxa7 Rxb2+ 38. Ka1 Rxh2 39. Rxg6 Rxb4 40. Ra6+ Kc7 41. Rg7+ Kb8 42. Rxe6 Ra4+ 43. Kb1 Rb4+ 44. Kc1 Rc4+ 45.
Kb1 Rh1+ 46. Kb2 1/2-1/2

[Event "12ème open de Salon"]
[Site "Salon de Provence, France"]
[Date "2022.07.09"]
[Round "1.6"]
[White "Colandrea, Sauveur"]
[Black "Birrittieri, Justin"]
[Result "1-0"]
[TimeControl "1 h 30 min + 30 s"]
[WhiteElo "1619"]
[BlackElo "1394"]

1. Nf3 Nf6 2. d4 d5 3. c4 g6 4. cxd5 Nxd5 5. e4 Nb6 6. Nc3 Bg4 7. Be3 Bg7 8. Be2 O-O 9. O-O Bxf3 10.
Bxf3 Nc4 11. Qb3 Nxe3 12. fxe3 Qc8 13. Nd5 Nc6 14. Rac1 e6 15. Nf4 Nxd4 16. exd4 Bxd4+ 17. Kh1 c5 18.
Bg4 Re8 19. Rce1 a5 20. e5 Ra6 21. Nd5 Kg7 22. Qf3 Rf8 23. Qf6+ Kg8 24. Ne7# 1-0

[Event "12ème open de Salon"]
[Site "Salon de Provence, France"]
[Date "2022.07.09"]
[Round "1.7"]
[White "Peiro, Yoann"]
[Black "Schmitz, Yves"]
[Result "0-1"]
[TimeControl "1 h 30 min + 30 s"]
[WhiteElo "1199"]
[BlackElo "1463"]

1. e4 c5 2. Nc3 Nc6 3. Nf3 g6 4. Bb5 Bg7 5. Bxc6 dxc6 6. O-O Nf6 7. e5 Nd5 8. d3 O-O 9. Be3 b6 10.
a3 Qc7 11. b4 Nxc3 12. Qd2 Na4 13. c3 Bg4 14. d4 Bxf3 15. gxf3 cxd4 16. Bxd4 c5 17. Be3 Bxe5 18. Bh6 Bxc3 19.
Qd1 Bxa1 20. Qxa4 Bg7 21. Bxg7 Kxg7 22. Qc2 Rac8 23. Qb2+ Kg8 24. h4 Qf4 25. h5 Qg5+ 0-1

[Event "12ème open de Salon"]
[Site "Salon de Provence, France"]
[Date "2022.07.10"]
[Round "2.1"]
[White "Busson, Benoit"]
[Black "Figier, Anthony"]
[Result "1-0"]
[TimeControl "1 h 30 min + 30 s"]
[WhiteElo "1871"]
[BlackElo "1977"]

1. e4 Nf6 2. e5 Nd5 3. Nc3 c6 4. Nf3 d6 5. Nxd5 cxd5 6. d4 dxe5 7. Nxe5 Nc6 8. c3 Nxe5 9. dxe5 e6 10. Qg4 Qc7 11. Qg3 Bd7 12. Be3 b5 13. Bd3 g6 14.
O-O Bg7 15. Bd4 O-O 16. h4 a5 17. h5 Rac8 18. Qe3 Rfe8 19. hxg6 fxg6 20. a3 Ra8 21. Rfe1 Rf8 22. Qh3 Rf7 23. g3 Re7 24. f4 Bf8 25. Kg2 Be8 26. b4 Qc6 27.
Rh1 Qc8 28. Kf2 axb4 29. axb4 Ra4 30. Rxa4 bxa4 31. Ra1 Rc7 32. Ra3 Bd7 33. Qf1 Qb7 34. Qe2 Be7 35. Qb2 Rc8 36. Ra1 Bb5 37.
Bc2 Qc6 38. Qb1 Ra8 39. Bxg6 Qc4 40. Bxh7+ Kh8 41. Qc2 a3 42. Rh1 Bh4 43. Rxh4 Qf1+ 44. Ke3 Qe1+ 45. Kf3 Qf1+ 46. Bf2 Qe2+ 47.
Qxe2 Bxe2+ 48. Kxe2 a2 49. Bb1+ Kg7 50. Bxa2 Rxa2+ 51. Kf3 Ra3 1-0

[Event "12ème open de Salon"]
[Site "Salon de Provence, France"]
[Date "2022.07.10"]
[Round "2.2"]
[White "Rachet, Olivier"]
[Black "Chaumet, Etienne"]
[Result "0-1"]
[TimeControl "1 h 30 min + 30 s"]
[WhiteElo "1880"]
[BlackElo "1809"]

1. c4 e5 2. Nc3 Nc6 3. g3 f5 4. d3 Bb4 5. Bg2 Nf6 6. Bd2 O-O 7. e3 d6 8. Nge2 Bd7 9. O-O Bxc3 10.
Nxc3 Qe8 11. a3 Rb8 12. b4 Ne7 13. b5 c6 14. a4 d5 15. cxd5 cxd5 16. Qb3 Qf7 17. Ne2 Rfc8 18. Bb4 Ng6 19.
Bd6 Ra8 20. Rac1 Be6 21. Qb2 e4 22. Qd4 Qd7 23. Ba3 b6 24. dxe4 fxe4 25. f3 Bh3 26. fxe4 Bxg2 27. Kxg2 Qg4 28.
Nf4 Rc7 29. Rc5 Rxc5 30. Bc1 0-1

[Event "12ème open de Salon"]
[Site "Salon de Provence, France"]
[Date "2022.07.10"]
[Round "2.3"]
[White "Lalic, Bogdan"]
[Black "Mounier, Victor"]
[Result "1-0"]
[TimeControl "1 h 30 min + 30 s"]
[WhiteElo "2412"]
[BlackElo "1888"]

1. d4 Nf6 2. c4 e6 3. Nc3 Bb4 4. e3 O-O 5. Nge2 Re8 6. a3 Bf8 7. Ng3 b6 8. d5 Ba6 9. Be2 exd5 10.
cxd5 Bxe2 11. Qxe2 c5 12. O-O d6 13. b4 a6 14. bxc5 bxc5 15. e4 g6 16. Rb1 Nbd7 17. Qc2 Bg7 18.
h3 Qa5 19. Na4 h5 20. Bd2 Qc7 21. Rfe1 Rab8 22. Rxb8 Qxb8 23. Nf1 Ne5 24. Nb2 Qb7 25. f4 Ned7 26. Nc4 Bf8 27. Bc3 Rb8 28.
Nfd2 Qc8 29. Qd3 Qb7 30. Rb1 Qa8 31. Rxb8 Qxb8 32. e5 Ne8 33. Ne4 dxe5 34. fxe5 Bg7 35. e6 fxe6 36. dxe6 Nf8 37.
e7 Ne6 38. Ned6 Nf4 39. Nxe8 Bxc3 40. Qe4 Bd4+ 41. Kh1 Kh7 42. Nf6+ Bxf6 43. e8=Q Qc7 44. Q8c6 Qb8 45. Qxf6 1-0

[Event "12ème open de Salon"]
[Site "Salon de Provence, France"]
[Date "2022.07.10"]
[Round "2.4"]
[White "Tramarin, Matteo"]
[Black "Colandrea, Sauveur"]
[Result "1-0"]
[TimeControl "1 h 30 min + 30 s"]
[WhiteElo "1501"]
[BlackElo "1619"]

1. c4 d6 2. Nc3 e5 3. g3 Nf6 4. Nf3 Be7 5. Bg2 O-O 6. d3 c6 7. O-O h6 8. Rb1 Bf5 9. b4 Qc7 10.
b5 Nbd7 11. a4 Rfb8 12. Ba3 Bh7 13. Nd2 Nf8 14. Qb3 Bf5 15. Nde4 Nxe4 16. Nxe4 Nd7 17. Rfc1 Nf6 18. c5 Nxe4 19.
Bxe4 Be6 20. cxd6 Bxd6 21. Bxd6 Qxd6 22. Qc3 cxb5 23. Rxb5 Rc8 24. Rc5 g6 25. Bxb7 Rxc5 26. Qxc5 Qxc5 27.
Rxc5 Rb8 28. Rc7 a5 29. f3 Bb3 30. Bc6 Rb4 31. Ra7 Bxa4 32. Bd5 Bb3 33. Rxa5 Bxd5 34. Rxd5 f6 35. Kf2 Kf7 36.
Rd6 Ke7 37. Rc6 Ra4 38. g4 Kf7 39. Rc7+ Kg8 40. Re7 Ra5 41. Ke3 h5 42. h3 hxg4 43. hxg4 f5 44. gxf5 gxf5 45. f4 1-0

[Event "12ème open de Salon"]
[Site "Salon de Provence, France"]
[Date "2022.07.10"]
[Round "2.5"]
[White "Roganova, Maxime"]
[Black "Schiano-Lomoriello, Didier"]
[Result "1-0"]
[TimeControl "1 h 30 min + 30 s"]
[WhiteElo "1471"]
[BlackElo "1570"]

1. e4 c5 2. d4 cxd4 3. c3 dxc3 4. Nxc3 e6 5. Nf3 a6 6. Bc4 Nc6 7. O-O d6 8. Qe2 Be7 9. Rd1 Nf6 10.
e5 Nd7 11. exd6 Bf6 12. Ne4 h6 13. Ng3 b5 14. Bb3 Na5 15. Bd2 Bb7 16. Bxe6 Rc8 17. Bf5+ Ra8 1-0

[Event "12ème open de Salon"]
[Site "Salon de Provence, France"]
[Date "2022.07.10"]
[Round "2.6"]
[White "Bonchristiani, Pierre"]
[Black "Gomez, Guy"]
[Result "1-0"]
[TimeControl "1 h 30 min + 30 s"]
[WhiteElo "1382"]
[BlackElo "1532"]

1. e4 e5 2. Nf3 d6 3. d4 Nc6 4. Bb5 Bd7 5. O-O Nf6 6. Re1 a6 7. Bc4 h6 8. h3 Be7 9. c3 O-O 10.
Nbd2 Nh7 11. Nf1 Bf6 12. Ng3 Ne7 13. Be3 Ng5 14. Nxg5 hxg5 15. Qd2 Ng6 16. Rad1 g4 17. hxg4 Bxg4 18.
f3 Bh4 19. Bf2 Bc8 20. Ne2 Qf6 21. Qe3 Bg5 22. Qd3 Nf4 23. Nxf4 Bxf4 24. Kf1 Bd7 25. Ke2 Rab8 26. Rh1 b5 27.
Bb3 b4 28. c4 a5 29. Rh4 exd4 30. Rdh1 Bh6 31. Bxd4 Qg6 32. g4 a4 33. Bd1 f6 34. Be3 Bxe3 35. Qd5+ 1-0

[Event "12ème open de Salon"]
[Site "Salon de Provence, France"]
[Date "2022.07.10"]
[Round "2.7"]
[White "Schmitz, Yves"]
[Black "Dos Santos, Matthieu"]
[Result "1-0"]
[TimeControl "1 h 30 min + 30 s"]
[WhiteElo "1463"]
[BlackElo "1199"]

1. e4 e5 2. Nf3 Nc6 3. Bb5 a6 4. Bxc6 dxc6 5. O-O Nf6 6. Re1 Bd6 7. c3 O-O 8. d4 exd4 9. e5 Nd5 10.
exd6 cxd6 11. Qxd4 Bf5 12. Na3 b5 13. c4 Nb4 14. cxb5 c5 15. Qf4 Nd3 16. Qxf5 Nxe1 17. Nxe1 Re8 18.
Be3 Re5 19. Qd3 axb5 20. Nxb5 d5 21. g3 Ra5 22. Bf4 Re6 23. Bc7 Qa8 24. Bxa5 Qxa5 25. Nf3 Rb6 26. a4 g6 27. Ne5 Qa8 28.
a5 c4 29. Nc7 Qb7 30. Qxd5 Rxb2 31.
Qxf7+ Kh8 32. Qf8# 1-0

[Event "12ème open de Salon"]
[Site "Salon de Provence, France"]
[Date "2022.07.10"]
[Round "3.1"]
[White "Chaumet, Etienne"]
[Black "Busson, Benoit"]
[Result "1-0"]
[TimeControl "1 h 30 min + 30 s"]
[WhiteElo "1809"]
[BlackElo "1871"]

1. e4 e5 2. Nf3 Nc6 3. Bb5 a6 4. Ba4 d6 5. c3 f5 6. exf5 Bxf5 7. O-O Bd3 8. Re1 Nf6 9. Nd4 Kd7 10.
Qb3 Kc8 11. Nxc6 bxc6 12. Bxc6 Rb8 13. Qe6+ Nd7 14. Re3 Bb5 15. Bd5 Qf6 16. Qe8+ Qd8 17. Qxd8+ Kxd8 18. b3 Nf6 19. Bf3 g6 20.
c4 Bd7 21. Bb2 Bh6 22. Re1 c5 23. d3 Bf5 24. Nc3 Kd7 25. Rad1 Rhe8 26. h3 Bg7 27. Nd5 Nxd5 28. Bxd5 a5 29.
Bc3 a4 30. g4 Be6 31. Bxe6+ Rxe6 32. bxa4 Bh6 33. Rb1 Ree8 34. f3 Bg5 35. a5 Rec8 36. a4 Ra8 37. Rb5 h5 38. gxh5 gxh5 39. Rb7+ Rc7 40. Reb1 Kc8 41. R7b6 Kd7 42. R1b2 Be3+ 43.
Kf1 Bd4 44. Bxd4 cxd4 45. a6 h4 46. Rg2 Rca7 47. Rg6 Rxa6 48. Rgxd6+ 1-0

[Event "12ème open de Salon"]
[Site "Salon de Provence, France"]
[Date "2022.07.10"]
[Round "3.2"]
[White "Bregier, Gerard"]
[Black "Lalic, Bogdan"]
[Result "0-1"]
[TimeControl "1 h 30 min + 30 s"]
[WhiteElo "1332"]
[BlackElo "2412"]

1. d4 Nf6 2. Nc3 d5 3. Bf4 a6 4. e3 e6 5. Bd3 b5 6. Nf3 Bb7 7. Ne5 c5 8. dxc5 Bxc5 9. Ne2 Bd6 10.
Nd4 Qc7 11. Ndf3 O-O 12. g4 Nc6 13. g5 Ne4 14. Nxc6 Bxf4 15. exf4 Bxc6 16. Bxe4 dxe4 17. Ne5 f6 18. Nxc6 Qxc6 19. Rg1 Rad8 20. Qe2 f5 21. c3 Qc7 22. Qe3 Rd3 23.
Qc1 e5 24. Rg3 exf4 25. Rxd3 exd3 26. Qd2 Re8+ 27. Kf1 Qc6 28. Kg1 Qf3 29. Rd1 Re2 30. Qxd3 Qxf2+ 0-1

[Event "12ème open de Salon"]
[Site "Salon de Provence, France"]
[Date "2022.07.10"]
[Round "3.4"]
[White "Roganova, Maxime"]
[Black "Tramarin, Matteo"]
[Result "0-1"]
[TimeControl "1 h 30 min + 30 s"]
[WhiteElo "1471"]
[BlackElo "1501"]

1. e4 Nf6 2. e5 Nd5 3. d4 d6 4. exd6 cxd6 5. Nf3 g6 6. c3 Bg7 7. Bd3 Nc6 8. Be3 Rb8 9. O-O O-O 10.
Nbd2 b5 11. a3 a5 12. Rc1 Bd7 13. Qc2 b4 14. c4 Nc7 15. h4 Bg4 16. Nh2 Qc8 17. Ndf3 e5 18. c5 Nxd4 19. Bxd4 exd4 20.
cxd6 Nb5 21. Qxc8 Bxc8 22. Bxb5 Rxb5 23. axb4 axb4 24. Rfd1 Rd5 25. Rc4 Rxd6 26. Rxb4 Rfd8 27. Nf1 Ba6 28.
N1d2 Be2 29. Re1 d3 30. g3 Rc6 31. Kg2 Rc2 32. Rb3 Bxb2 33. Rb5 Bc3 0-1

[Event "12ème open de Salon"]
[Site "Salon de Provence, France"]
[Date "2022.07.10"]
[Round "3.5"]
[White "Piquemal, Maxence"]
[Black "Bonchristiani, Pierre"]
[Result "1-0"]
[TimeControl "1 h 30 min + 30 s"]
[WhiteElo "1668"]
[BlackElo "1382"]

1. d4 d5 2. c4 c6 3. Nc3 Nf6 4. Bf4 e6 5. e3 Bd6 6. Bg3 O-O 7. Bd3 dxc4 8. Bxc4 b5 9. Bd3 Bb7 10.
Nf3 Qc7 11. Rc1 Nbd7 12. O-O a6 13. Bxd6 Qxd6 14. Ne4 Qe7 15. Nxf6+ Nxf6 16. Ne5 Rac8 17. Rc5 Nd7 18. Nxd7 Qxd7 19. Qc2 g6 20. Be4 Rc7 21. Rc1 Rfc8 22. b4 Qd6 23. g3 Kf8 24. a3 Ke7 25.
d5 Ba8 26. dxc6 Rd8 27. Qc3 f6 28. Bf3 Qd3 29. Qb2 g5 30. Rd1 Qg6 31. Rxd8 Kxd8 32. Qd4+ Ke7 33. Rc3 Qe8 34. Qc5+ Kf7 35.
Bh5+ 1-0

[Event "12ème open de Salon"]
[Site "Salon de Provence, France"]
[Date "2022.07.10"]
[Round "3.6"]
[White "Chabaud, Philippe"]
[Black "Jullien, Patrick"]
[Result "0-1"]
[TimeControl "1 h 30 min + 30 s"]
[WhiteElo "1481"]
[BlackElo "1548"]

1. d4 d5 2. Bf4 c5 3. e3 cxd4 4. exd4 e6 5. Nf3 Bd6 6. Bxd6 Qxd6 7. Nc3 a6 8. Bd3 Nf6 9. O-O Nc6 10.
a3 O-O 11. Re1 b5 12. b4 Bb7 13. Bf1 Ne7 14. Ne5 Ng6 15.
h3 Rac8 16. Na2 Ne4 17. Nd3 Qc7 18. Nc5 Nxc5 19. bxc5 Ne7 20. Nb4 Nc6 21. Nxc6 Bxc6 22. Bd3 Rfe8 23. Qh5 g6 24. Qg5 Qe7 25.
Qg3 Qc7 26. f4 Qa5 27. Qe3 b4 28. axb4 Qxb4 29. Rxa6 Bb5 30. Bxb5 Qxb5 31. Rb6 Qc4 32. Qb3 Qxd4+ 33. Qe3 Qxe3+ 34. Rxe3 Rxc5 35. c3 Rec8 36. Rb3 Kg7 37. Kf2 Kf6 38. Kf3 Rc4 39. g4 g5 40. fxg5+ Kxg5 41. Kg3 R8c7 42. h4+ Kg6 43.
Rf3 f6 44. Rb6 R7c6 45. Rxc6 Rxc6 46. Rd3 h6 47. Rf3 e5 48. Rd3 Rc5 49. Rf3 Kg7 50. h5 e4 51. Re3 Kf7 52. Kf4 Ke6 53.
Rg3 Rc4 54. Re3 Ra4 55. Kg3 Ke5 56. Re1 Ra3 57. Re3 Rb3 58. Kh4 Kf4 59. Rg3 e3 60. Rg1 Rxc3 61. Rf1+ Ke5 62. Rf5+ Ke6 63.
Rf1 d4 64. Re1 Ke5 65. g5 fxg5+ 66. Kg4 Ke4 67. Rxe3+ dxe3 0-1

[Event "12ème open de Salon"]
[Site "Salon de Provence, France"]
[Date "2022.07.10"]
[Round "3.7"]
[White "Piquemal, Jean-Christophe"]
[Black "Schmitz, Yves"]
[Result "1/2-1/2"]
[TimeControl "1 h 30 min + 30 s"]
[WhiteElo "1164"]
[BlackElo "1463"]

1. d4 Nf6 2. c4 e6 3. Nc3 Bb4 4. Nf3 b6 5. Bg5 h6 6. Bh4 O-O 7. e3 d5 8. Rc1 Nbd7 9. cxd5 exd5 10.
Bb5 Be7 11. O-O Bb7 12. a3 c6 13. Ba4 Ne8 14. Bg3 b5 15. Bc2 a5 16. e4 b4 17. axb4 axb4 18. Ne2 Nb6 19. b3 Nc7 20.
e5 Nb5 21. Qd3 g6 22. Nf4 Na3 23. e6 f5 24. Nxg6 Nxc2 25. Qxc2 Rf6 26. Nxe7+ Qxe7 27. Bh4 Qxe6 28. Bxf6 Qxf6 29.
Rfe1 Nd7 30. Qd2 Qf8 31. Ra1 Nf6 32. Rxa8 Bxa8 33. h3 Ne4 34. Qf4 c5 35. dxc5 Qxc5 36. Qe3 Qd6 37. Qa7 Bc6 38.
Nd4 Bd7 39. Qa8+ Kg7 40. Qb7 Kg6 41. Nf3 Kg7 42. Nh4 Kf6 43. Nf3 Ke5 44. Rc1+ 1/2-1/2

[Event "12ème open de Salon"]
[Site "Salon de Provence, France"]
[Date "2022.07.10"]
[Round "3.8"]
[White "Frailinu, Jean-Bernard"]
[Black "Boudet, Nicole"]
[Result "1-0"]
[TimeControl "1 h 30 min + 30 s"]
[WhiteElo "1349"]
[BlackElo "1072"]

1. c4 e5 2. Nf3 Nc6 3. Nc3 Nf6 4. g3 d5 5. cxd5 Nxd5 6. Bg2 Nb6 7. O-O Be7 8. d3 O-O 9. a3 a5 10. Bd2 Re8 11. Rc1 Bf8 12. Ne4 Nd4 13. Bc3 c5 14. e3 Nxf3+ 15. Bxf3 Nd5 16. Bd2 b6 17. Nc3 Bb7 18. Bg2 Nxc3 19. Bxc3 Bxg2 20. Kxg2 Ra7 21. d4 Rd7 22. Qa4 exd4 23.
exd4 cxd4 24. Rfd1 Qa8+ 25. Kg1 Red8 26. Rxd4 Bc5 27. Rg4 g6 28. Bf6 Be7 29. Bd4 Qa6 30. Be3 b5 31. Qc2 Rc8 32.
Qxc8+ Qxc8 33. Rxc8+ Kg7 34. Bd4+ f6 35. Bc5 h5 36. Re4 Kf7 37. Bxe7 Rxe7 38. Rxe7+ Kxe7 39. Rb8 b4 40. axb4 axb4 41. Rxb4 Kd6 42. Rc4 Kd5 43. Rc1 1-0

[Event "12ème open de Salon"]
[Site "Salon de Provence, France"]
[Date "2022.07.11"]
[Round "4.1"]
[White "Lalic, Bogdan"]
[Black "Chaumet, Etienne"]
[Result "1-0"]
[TimeControl "1 h 30 min + 30 s"]
[WhiteElo "2412"]
[BlackElo "1809"]

1. d4 Nf6 2. Nf3 e6 3. g3 d5 4. Bg2 Be7 5. c4 c6 6. Nc3 Nbd7 7. Qd3 b6 8. e4 Ba6 9. b3 Bb4 10.
exd5 cxd5 11. O-O O-O 12. Bb2 Rc8 13. Nb5 dxc4 14. bxc4 Nc5 15. Qd1 Bxb5 16. cxb5 Ncd7 17. Qb3 Bd6 18.
Ne5 Bxe5 19. dxe5 Nc5 20. Qf3 Nd5 21. Rfd1 Qc7 22. a4 Rfd8 23. Qa3 Qb7 24. Bd4 a6 25. Rac1 axb5 26. axb5 Ra8 27.
Qb2 Rac8 28. h4 Qe7 29. Qa3 Rd7 30. Bxc5 Rxc5 31. Rxc5 Qxc5 32. Qxc5 bxc5 33. Rc1 Rc7 34. Bxd5 exd5 35.
b6 Rb7 36. Rxc5 Kf8 37. Rc6 Ke8 38. f4 Ke7 39. Kf2 Rd7 40. Ke3 d4+ 41. Kd3 g6 42. g4 Kd8 43. Rd6 Kc8 44. Rxd7 Kxd7 45. Kxd4 Kc6 46. e6 Kd5+ 47. Ke4+ 1-0

[Event "12ème open de Salon"]
[Site "Salon de Provence, France"]
[Date "2022.07.11"]
[Round "4.4"]
[White "Tramarin, Matteo"]
[Black "Piquemal, Maxence"]
[Result "1/2-1/2"]
[TimeControl "1 h 30 min + 30 s"]
[WhiteElo "1501"]
[BlackElo "1668"]

1. c4 e6 2. d4 d5 3. cxd5 exd5 4. Bf4 Nf6 5. h3 c6 6. e3 Bf5 7. Bd3 Bg6 8. Ne2 Bd6 9. Bxg6 hxg6 10.
Nd2 Qc7 11. Nf3 Ne4 12. Ne5 Nd7 13. f3 Nef6 14. Nd3 Nh5 15. Bxd6 Qxd6 16. Kf2 O-O-O 17. b4 Rde8 18. Rc1 Qe7 19.
Qd2 Kb8 20. Nc5 Nb6 21. Rc3 Nc4 22. Qc1 f5 23. a4 f4 24. e4 Qh4+ 25. Kg1 Ng3 26. Nxg3 Qxg3 27. e5 Ne3 28. Qd2 Rh5 29. Nd3 Qg5 30.
Qf2 Nd1 31. Qd2 Nxc3 32. Qxc3 Reh8 33. Kf1 Qf5 34. e6 Re8 35. Qd2 g5 36. Kf2 Qxe6 37. Ne5 Rh6 38. Rc1 Rc8 39. Qe2 Rf6 40.
a5 a6 41. Qc2 Qd6 42. Rb1 Re8 43. Qc3 Rfe6 44. Re1 R8e7 45. Re2 g6 46. Re1 Re8 47. Re2 R8e7 48. Re1 Re8 49. Ke3 1/2-1/2

[Event "12ème open de Salon"]
[Site "Salon de Provence, France"]
[Date "2022.07.11"]
[Round "4.5"]
[White "Jullien, Patrick"]
[Black "Schiano-Lomoriello, Didier"]
[Result "1-0"]
[TimeControl "1 h 30 min + 30 s"]
[WhiteElo "1548"]
[BlackElo "1570"]

1. e4 c5 2. Nc3 Nc6 3. Nge2 g6 4. g3 Bg7 5. Bg2 d6 6. d3 Nf6 7. O-O O-O 8. h3 Rb8 9. Be3 b5 10.
d4 b4 11. Nd5 Nxd5 12. exd5 Nxd4 13. Nxd4 cxd4 14. Bxd4 Bxd4 15. Qxd4 Qc7 16. c3 bxc3 17. bxc3 Ba6 18. Rfb1 Rfc8 19. Rb3 Bc4 20. Ra3 Rb7 21. Bf1 Bxf1 22. Rxf1 Qc5 23.
Qxc5 Rxc5 24. Rd1 a5 25. Rd4 Rbb5 26. c4 Rb4 27. Rc3 a4 28. Re4 Kf8 29. Kf1 Rc7 30. Ke1 Rb1+ 31. Kd2 Rcb7 32.
c5 R7b2+ 33. Rc2 dxc5 34. Rxa4 Rb4 35. Ra8+ Kg7 36. Rxc5 R1b2+ 37. Ke3 Rb6 1-0

[Event "12ème open de Salon"]
[Site "Salon de Provence, France"]
[Date "2022.07.11"]
[Round "4.6"]
[White "Bonchristiani, Pierre"]
[Black "Lauret, Patrick"]
[Result "0-1"]
[TimeControl "1 h 30 min + 30 s"]
[WhiteElo "1382"]
[BlackElo "1670"]

1. e4 e6 2. d4 d5 3. Nd2 c5 4. c3 cxd4 5. cxd4 dxe4 6. Nxe4 Nf6 7. Bd3 Nc6 8. Ne2 Bb4+ 9. N4c3 h6 10.
h3 Bd7 11. O-O O-O 12. Be3 a6 13. Rc1 Rc8 14. Bb1 Ne7 15. Qd3 Bxc3 16. Nxc3 b5 17. g4 Bc6 18. g5 hxg5 19. Bxg5 Ned5 20.
Nxd5 Qxd5 21. Rxc6 Qxg5+ 22. Kh1 Rxc6 23. f4 Qd5+ 24. Kh2 Rc4 25. Rg1 Rxd4 26. Rxg7+ Kxg7 27. Qg3+ Kh6 28. Qh4+ Nh5 29. Kh1 0-1

[Event "12ème open de Salon"]
[Site "Salon de Provence, France"]
[Date "2022.07.11"]
[Round "4.7"]
[White "Schmitz, Yves"]
[Black "Frailinu, Jean-Bernard"]
[Result "0-1"]
[TimeControl "1 h 30 min + 30 s"]
[WhiteElo "1463"]
[BlackElo "1349"]

1. e4 e6 2. d4 d5 3. Nc3 Nf6 4. e5 Nfd7 5. f4 c5 6. Nf3 a6 7. Be3 Nc6 8. Ne2 Be7 9. c3 b5 10.
dxc5 Nxc5 11. Ned4 Qc7 12. g3 Nd7 13. Nxc6 Qxc6 14. Nd4 Qc7 15. Bg2 Rb8 16. Qg4 g6 17. Qd1 Nb6 18. Bf2 Bb7 19.
Qd3 Na4 20. Qc2 Rc8 21. Rc1 O-O 22. O-O Qa5 23. Nb3 Qc7 24. Rfd1 b4 25. Bd4 bxc3 26. bxc3 Ba3 27. Nd2 Bxc1 28.
Qxa4 Bxd2 29. Rxd2 Qc4 30. Qc2 Ra8 31. Bf1 Qc6 32. Rd1 Rfb8 33. Rb1 Bc8 34. Rxb8 Rxb8 35. a3 Qb7 36. Bc5 Qb3 37.
Qxb3 Rxb3 38. Bb4 a5 39. Bxa5 Rxa3 40. Bb4 Ra1 41. Kg2 Kg7 42. h3 h6 43. Kf2 Ba6 44. Bxa6 Rxa6 45. g4 Ra2+ 46.
Kf3 f6 47. Bc5 Ra4 48. Bd4 f5 49. gxf5 gxf5 50. Kg3 Kg6 51. Kh4 Ra2 52. Kg3 Rd2 53. Kh4 Rd3 0-1

[Event "12ème open de Salon"]
[Site "Salon de Provence, France"]
[Date "2022.07.12"]
[Round "5.3"]
[White "Busson, Benoit"]
[Black "Charvein, Gabriel"]
[Result "0-1"]
[TimeControl "1 h 30 min + 30 s"]
[WhiteElo "1871"]
[BlackElo "2078"]

1. e4 e6 2. d4 d5 3. e5 c5 4. c3 Nc6 5. Nf3 Bd7 6. Bd3 Rc8 7. O-O cxd4 8. Re1 Nge7 9. h4 h6 10.
a3 Nf5 11. Bxf5 exf5 12. cxd4 Be7 13. h5 Be6 14. Nc3 a6 15. Ne2 Bg5 16. Bd2 O-O 17. b4 Na7 18. Rc1 Qe7 19. Qb3 Bxd2 20.
Nxd2 Qg5 21. Nf3 Qxh5 22. Rc5 Qg4 23. Rec1 f6 24. exf6 Rxf6 25. Rxc8+ Nxc8 26. Qe3 Qe4 27. Nf4 Nd6 28.
Ne5 Nb5 29. Nh5 Rf8 30. a4 Qxe3 31. fxe3 Nd6 32. Rc7 Bf7 33. Nf4 g5 34. Nxf7 Rxf7 35. Rxf7 Kxf7 36. Nxd5 Ne4 37. Kf1 h5 38. Nb6 Ke6 39. Ke2 h4 40.
Kf3 Nf6 41. b5 g4+ 42. Kf2 Ne4+ 43. Ke2 axb5 44. axb5 Nc3+ 45. Kd3 h3 46. gxh3 gxh3 0-1

[Event "12ème open de Salon"]
[Site "Salon de Provence, France"]
[Date "2022.07.12"]
[Round "5.4"]
[White "Tramarin, Matteo"]
[Black "Jullien, Patrick"]
[Result "1-0"]
[TimeControl "1 h 30 min + 30 s"]
[WhiteElo "1501"]
[BlackElo "1548"]

1. c4 Nf6 2. Nc3 g6 3. g3 Bg7 4. Bg2 O-O 5. Nf3 c6 6. d4 d5 7. cxd5 Nxd5 8. h4 Bg4 9. Ne5 Nxc3 10.
bxc3 Bxe5 11. dxe5 Qxd1+ 12. Kxd1 Nd7 13. Bf4 Rfd8 14. Ke1 Nb6 15. f3 Be6 16. h5 Nd5 17. hxg6 Nxf4 18. gxf7+ Bxf7 19.
gxf4 Bg6 20. Bh3 Bc2 21. Be6+ Kg7 22. Kf2 Rf8 23. Rag1+ Kh8 24. Rh4 Bf5 25. Bb3 Rad8 26. e4 Bc8 27. Rgh1 e6 28. Rxh7+ Kg8 29. f5 Rde8 30. Rh8+ Kg7 31.
R1h7# 1-0